 Dungeon Crawl Stone Soup version 0.25.1-2-g60ff931df9 (webtiles) character file.

Game seed: 6830488435168680939

3705 funkygono the Destroyer (level 9, -7/62 HPs)
             Began as a Demonspawn Conjurer on Oct 2, 2020.
             Was a Priest of Sif Muna.
             Mangled by a green ugly thing (8 damage)
             ... on level 7 of the Dungeon on Oct 3, 2020.
             The game lasted 00:23:20 (7914 turns).

funkygono the Destroyer (Demonspawn Conjurer)       Turns: 7914, Time: 00:23:21

Health: -7/62      AC: 10    Str:  9    XL:     9   Next: 91%
Magic:  22/30      EV: 14    Int: 19    God:    Sif Muna [***...]
Gold:   327        SH:  0    Dex: 14    Spells: 18/24 levels left

rFire    . . .     SeeInvis .   g - +1 mace
rCold    + . .     Gourm    .   (no shield)
rNeg     . . .     Faith    .   a - +2 robe
rPois    .         Spirit   .   k - +2 helmet
rElec    .         Reflect  .   (no cloak)
rCorr    .         Harm     .   (no gloves)
MR       .....                  (no boots)
Stlth    ++........             l - amulet of magic regeneration
HPRegen  0.20/turn              n - ring of magical power
MPRegen  0.47/turn              F - ring of ice

@: lethally poisoned (-7 -> -48)
A: talons 1, molten scales 2, fire resistance 1
a: Channel Magic, Forget Spell, Renounce Religion


You were on level 7 of the Dungeon.
You worshipped Sif Muna.
Sif Muna was most pleased with you.
You were not hungry.

You visited 2 branches of the dungeon, and saw 10 of its levels.

You collected 327 gold pieces.

Inventory:

Hand Weapons
 g - a +1 mace (weapon)
 w - a +1 whip of venom
Missiles
 m - 260 stones (quivered)
Armour
 a - a +2 robe (worn)
 k - a +2 helmet (worn)
 r - the +1 leather armour of Proximity {+Inv SInv}
   (You found it on level 4 of the Dungeon)

   It lets you see invisible.
   It lets you turn invisible.
 C - +0 ice dragon scales
Jewellery
 l - an amulet of magic regeneration (around neck)
 n - a ring of magical power (left hand)
 u - an uncursed amulet of reflection
 y - an uncursed ring of fire
 F - a ring of ice (right hand)
Wands
 q - a wand of disintegration (13)
 A - a wand of clouds (5)
 B - a wand of digging (7)
 G - a wand of iceblast (16)
Scrolls
 b - 2 scrolls of fear
 d - 6 scrolls of teleportation
 f - 2 scrolls of blinking
 s - a scroll of remove curse
 x - a scroll of enchant armour
 z - 2 scrolls of identify
 D - a scroll of fog {unknown}
 H - a scroll of magic mapping
Potions
 e - a potion of heal wounds
 h - 4 potions of cancellation
 i - a potion of haste
 j - a potion of stabbing
 o - 3 potions of curing {unknown}
 p - 2 potions of brilliance
 t - 2 potions of lignification {unknown}
 v - 3 potions of flight {unknown}
 E - a potion of might {unknown}
 I - 2 potions of mutation {unknown}
 J - a potion of magic {unknown}
Comestibles
 c - 16 rations
 K - 2 chunks of flesh


   Skills:
 + Level 2.9 Fighting
 + Level 2.4 Maces & Flails
 + Level 4.0 Dodging
 - Level 1.7 Stealth
 + Level 8.1 Spellcasting
 + Level 10.1 Conjurations
 + Level 2.6 Hexes


You had 18 spell levels left.
You knew the following spells:

 Your Spells              Type           Power        Failure   Level  Hunger
a - Magic Dart            Conj           ####         1%          1    None
b - Searing Ray           Conj           #####.       1%          2    None
c - Dazzling Flash        Conj/Hex       ####..       1%          3    None

Your spell library contained the following spells:

 Spells                   Type           Power        Failure   Level  Hunger
 Fulminant Prism          Conj/Hex       ####......   7%          4    ###....
 Confusing Touch          Hex            ###.....     9%          3    None
 Iskenderun's Mystic Bla  Conj/Tloc      ####....     11%         4    ###....
 Gell's Gravitas          Tloc           #.........   26%         3    None
 Petrify                  Tmut/Erth      #.......     65%         4    ###....
 Metabolic Englaciation   Hex/Ice        ###.......   82%         5    #####..
 Yara's Violent Unravell  Hex/Tmut       ##........   82%         5    #####..


Dungeon Overview and Level Annotations

Branches:
Dungeon (9/15)             Temple (1/1) D:4
   Lair: D:8-11         Orc: D:9-12

Altars:
Ashenzari
Cheibriados
Fedhas
Hepliaklqana
Kikubaaqudgha
Makhleb
Nemelex Xobeh
Okawaru
Qazlal
Ru
Sif Muna
Trog
Uskayaw
Vehumet
Wu Jian
Xom
Yredelemnul
Zin
The Shining One

Shops:
D:6 [


Innate Abilities, Weirdness & Mutations

You have sharp toenails.
You are mostly covered in molten scales. (AC +3)
Your flesh is heat resistant. (rF+)


Message History

You are more poisoned.
The green ugly thing poisons you!
The searing ray hits the green ugly thing!
The green ugly thing is almost dead.
You finish channeling your searing ray.
* * * LOW HITPOINT WARNING * * *
You feel very sick. The green ugly thing bites you.
* * * LOW HITPOINT WARNING * * *
Casting: Searing Ray (safe; 1% risk of failure)
Confirm with . or Enter, or press ? or * to list all spells.
Aiming: Searing Ray (safe; 1% risk of failure)
Press: ? - help, Shift-Dir - straight line, f/p - green ugly thing
Aim: a green ugly thing (almost dead)
The searing ray misses the green ugly thing. (Press . to maintain the ray.)
* * * LOW HITPOINT WARNING * * *
You feel very sick. The green ugly thing bites you!
You die...

#.#######.#.#.#.###'###.#.###...
#.........#.#.#..รทรท.....#.#
#... #.##.#..##.##..####.##..#.#
#...
#.#.###.#.#.#.##...####...###...
#...#####.#(#####...............
##.#..###.#.#...#.#.#.##....###..
#..#.#..#..#.#..####.#.#[#.#.##<.
#...#..##...#.#..................
#...#..#.....#.#@#######.#.#.##.#
#...#.#.#..#.#.#u#P...P#....###.#
.......##.##...#.#.###.#.#.## #.#
##....#...##(#...'.#[+ #.#.# #.#
#..#.##..##[#.#.#Z###Z#.#.####.#
#....#.###.)#.#.#P...P#........#
#..#####..#.....#######....#####
#.......................#..#
###...................####..#


You could see a green ugly thing.

Vanquished Creatures
  A kobold demonologist (D:7)
  A troll (D:7)
  A hippogriff (D:7)
  A wyvern (D:8)
  4 ice beasts
  3 orc warriors
  A phantom (D:6)
  An ogre (D:4)
  A centaur (D:7)
  3 bullfrogs
  2 scorpions
  5 killer bees (D:7)
  9 wights
  4 crimson imps
  2 jellies
  6 orc priests
  3 hounds
  6 orc wizards
  3 iguanas
  3 worker ants
  A hound zombie (D:5)
  A hound skeleton (D:7)
  A worker ant zombie (D:7)
  10 adders
  7 gnolls
  2 shadow imps (D:7)
  An ooze (D:2)
  2 adder skeletons
  An adder zombie (D:6)
  2 worms
  3 dart slugs
  2 leopard geckos (D:7)
  37 orcs
  4 ball pythons
  3 giant cockroaches
  10 goblins
  5 hobgoblins
  7 jackals
  2 quokkas
  11 bats
  9 frilled lizards
  A jackal skeleton (D:4)
  A jackal zombie (D:5)
  9 kobolds
  2 leopard gecko skeletons
  10 rats
204 creatures vanquished.

Notes
Turn   | Place    | Note
-------+----------+-------------------------------------------
     0 | D:1      | funkygono the Demonspawn Conjurer began the quest for the
                  | Orb.
     0 | D:1      | Reached XP level 1. HP: 13/13 MP: 3/3
   278 | D:1      | Gained mutation: Your flesh is heat resistant. (rF+)
                  | [demonic ancestry]
   278 | D:1      | Reached XP level 2. HP: 19/19 MP: 3/5
   282 | D:1      | Learned a level 2 spell: Searing Ray
  1321 | D:2      | Gained mutation: You are partially covered in molten
                  | scales. (AC +2) [demonic ancestry]
  1321 | D:2      | Reached XP level 3. HP: 24/24 MP: 4/6
  1745 | D:2      | Learned a level 3 spell: Dazzling Flash
  1839 | D:2      | Reached skill level 5 in Conjurations
  1839 | D:2      | Reached XP level 4. HP: 30/30 MP: 5/7
  2638 | D:3      | Reached XP level 5. HP: 17/35 MP: 1/9
  2865 | D:3      | Reached skill level 6 in Conjurations
  2992 | D:3      | Found an ornate altar of the Wu Jian Council.
  3079 | D:3      | Gained mutation: You are mostly covered in molten scales.
                  | (AC +3) [demonic ancestry]
  3079 | D:3      | Reached XP level 6. HP: 42/42 MP: 8/11
  3369 | D:4      | Found a staircase to the Ecumenical Temple.
  3384 | Temple   | Entered the Ecumenical Temple
  3431 | Temple   | Became a worshipper of Sif Muna the Loreminder
  3802 | D:4      | Got a jewelled leather armour
  3948 | D:5      | Entered Level 5 of the Dungeon
  3953 | D:5      | Noticed an ice beast
  3960 | D:5      | Killed an ice beast
  3990 | D:5      | Reached XP level 7. HP: 47/47 MP: 7/12
  4122 | D:5      | Reached skill level 1 in Maces & Flails
  4480 | D:5      | Reached skill level 7 in Conjurations
  4871 | D:6      | Found a sacrificial altar of Ru.
  4879 | D:6      | Reached * piety under Sif Muna
  4926 | D:6      | Reached skill level 1 in Fighting
  5080 | D:6      | Reached skill level 5 in Spellcasting
  5390 | D:6      | Gained mutation: You have sharp toenails. [demonic
                  | ancestry]
  5390 | D:6      | Reached XP level 8. HP: 54/54 MP: 15/15
  5574 | D:6      | Found Fycoibl Weku's Antique Armour Shop.
  5761 | D:6      | Identified the cursed +1 leather armour of Proximity {+Inv
                  | SInv} (You found it on level 4 of the Dungeon)
  5786 | D:6      | Reached skill level 8 in Conjurations
  5823 | D:6      | Reached ** piety under Sif Muna
  6450 | D:7      | Reached skill level 1 in Hexes
  6774 | D:7      | Reached XP level 9. HP: 20/62 MP: 16/18
  7004 | D:7      | Reached skill level 9 in Conjurations
  7068 | D:7      | Found a glowing golden altar of the Shining One.
  7106 | D:7      | You fall into a shaft and drop 2 floors!
  7209 | D:8      | Found a snail-covered altar of Cheibriados.
  7607 | D:7      | Reached *** piety under Sif Muna
  7836 | D:7      | Noticed a kobold demonologist
  7839 | D:7      | Noticed a troll
  7842 | D:7      | Killed a kobold demonologist
  7842 | D:7      | Reached skill level 10 in Conjurations
  7849 | D:7      | Killed a troll
  7900 | D:7      | Noticed a green ugly thing
  7914 | D:7      | HP: 1/62 [poisoned by a green ugly thing]
  7914 | D:7      | Mangled by a green ugly thing

Illustrated notes

Levels and vault maps discovered:
D:1:      lemuel_arrival_hallway, layout_loops_corners, minmay_misc_feat_chi,
          minmay_misc_feat_nine_boxes
D:2:      layout_rooms
D:3:      layout_rooms, lemuel_doored_altar
D:4:      layout_rooms, minmay_temple_entry_butterflies, first_ration
D:5:      layout_cave_pods
D:6:      layout_loops_corners, nicolae_overflow_crystal_walls,
          grunt_ministairs_6, kennysheep_small_square
D:7:      layout_loops_ring, tso_oasis_becter, columned_hall_lemuel,
          minmay_shattered_shrine
D:8:      layout_layer_cave, cheibriados_altar_1, grunt_ogre_cave
D:9:      layout_irregular_city, grunt_temple_overflow_diamond,
          kennysheep_crisscross
Temple:   eino_wide_crystal_templ

Skill      XL: |  1  2  3  4  5  6  7  8  9 |
---------------+----------------------------+-----
Dodging        | 2 3 4 |  4.0
Conjurations   | 5 6 7 8 10 | 10.1
Spellcasting   | 3 5 6 8 |  8.1
Maces & Flails | 1 2 |  2.4
Fighting       | 1 2 |  2.9
Hexes          | 2 |  2.6
Stealth        | |  1.7

Action                   |  1- 3 |  4- 6 |  7- 9 || total
-------------------------+-------+-------+-------++-------
Melee: Club              |     7 |     6 |       ||    13
       Mace              |       |     9 |     7 ||    16
       Kick              |       |       |     1 ||     1
 Cast: Magic Dart        |    65 |    55 |   130 ||   250
       Searing Ray       |     2 |    18 |    70 ||    90
       Dazzling Flash    |       |     1 |    15 ||    16
  Use: Scroll            |     4 |     8 |     6 ||    18
       Potion            |       |     1 |       ||     1
  Eat: Chunk             |     4 |     6 |    14 ||    24
Armor: Robe              |     8 |    15 |    29 ||    52
Dodge: Dodged            |    12 |    21 |    56 ||    89
